 Dungeon Crawl Stone Soup version 0.32-a0-876-gcfddb08e57 (webtiles) character file.

Game seed: 10316728367603772352

2310 KennySheep the Toxicologist (level 9, -1/61 HPs)
             Began as a Naga Alchemist on Mar 31, 2024.
             Was a Priest of Yredelemnul.
             Killed from afar by Maggie (22 damage)
             ... with a bolt of fire
             ... on level 6 of the Dungeon on Apr 1, 2024.
             The game lasted 00:28:54 (6685 turns).

KennySheep the Toxicologist (Naga Alchemist)        Turns: 6685, Time: 00:28:54

Health: -1/61      AC:  8    Str: 11    XL:     9   Next: 41%
Magic:  10/17      EV:  9    Int: 20    God:    Yredelemnul [***...]
Gold:   275        SH:  0    Dex: 17    Spells: 9/18 levels left

rFire   . . .        y - +1 dagger (venom)
rCold   . . .        (no shield)
rNeg    . . .        a - +0 robe
rPois   +            (no helmet)
rElec   .            g - scarf {shadows}
rCorr   .            (no gloves)
SInv    +            (no barding)
Will    +....        (no amulet)
Stlth   +++          d - +6 ring of dexterity
HPRegen 0.30/turn    r - +4 ring of protection
MPRegen 0.15/turn

%: no passive effects
@: mesmerised, wreathed by umbra, very slow
A: AC +3, large, see invisible, deformed body, poison resistance, slowness 2,
spit poison 1, naga tail 1, stinger 1, frail 1, wild magic 1
a: Spit Poison, Renounce Religion, Light the Black Torch, Recall Undead Harvest,
Hurl Torchlight


You were on level 6 of the Dungeon.
You worshipped Yredelemnul.
Yredelemnul was noncommittal.
You visited 1 branch of the dungeon, and saw 6 of its levels.

You collected 275 gold pieces.

Inventory:

Hand Weapons
 f - a +0 dagger
 u - a +1 dagger of electrocution
 y - a +1 dagger of venom (weapon)
Armour
 a - a +0 robe (worn)
 g - a scarf of shadows (worn)
Jewellery
 d - a +6 ring of dexterity (left hand)
 r - a +4 ring of protection (right hand)
Wands
 p - a wand of digging (7)
 q - a wand of flame (31)
 z - a wand of charming (4)
Scrolls
 c - 3 scrolls of teleportation
 e - a scroll of poison
 h - 2 scrolls of vulnerability
 j - a scroll of immolation
 k - a scroll of brand weapon
 m - a scroll of summoning
 n - a scroll of enchant armour
 v - a scroll of revelation
 x - a scroll of fog {unknown}
 C - a scroll of enchant weapon {unknown}
Potions
 b - a potion of magic
 i - 4 potions of curing
 l - a potion of heal wounds {unknown}
 o - a potion of might {unknown}
 s - a potion of lignification
 t - a potion of enlightenment {unknown}
 w - a potion of degeneration {unknown}
 A - a potion of attraction {unknown}
 B - a potion of haste {unknown}
 D - a potion of ambrosia {unknown}


   Skills:
 - Level 1.5 Dodging
 - Level 3.0 Stealth
 + Level 5.3 Spellcasting
 - Level 1.0 Conjurations
 * Level 7.6 Fire Magic
 * Level 10.0 Alchemy


You had 9 spell levels left.
You knew the following spells:

 Your Spells              Type           Power      Damage    Failure   Level
a - Sting                 Conj/Alch      100%       1d9       2%          1
b - Olgreb's Toxic Radia  Alch           56%        N/A       3%          4
c - Sticky Flame          Fire/Alch      52%        2d9       5%          4

Your spell library contained the following spells:

 Spells                   Type           Power      Damage    Failure   Level
 Mercury Vapours          Alch/Air       66%        N/A       4%          2
 Alistair's Intoxication  Alch           37%        N/A       8%          5
 Mephitic Cloud           Conj/Alch/Air  26%        N/A       12%         3
 Kiss of Death            Conj/Necr      36%        2d8       13%         1
 Apportation              Tloc           12%        N/A       16%         1
 Jinxbite                 Hex            12%        N/A       24%         2
 Stone Arrow              Conj/Erth      18%        3d8       34%         3
 Confusing Touch          Hex            6%         N/A       41%         3
 Animate Armour           Summ/Erth      12%        N/A       80%         4
 Dispel Undead            Necr           6%         3d8       80%         4
 Lehudib's Crystal Spear  Conj/Erth      4%         10d3      100%        8


Dungeon Overview and Level Annotations

Branches:
Dungeon (6/15)             Temple (0/1) D:6

Altars:
Cheibriados
Fedhas
Gozag
Kikubaaqudgha
Qazlal
Ru
Yredelemnul
Zin
The Shining One

Annotations:
D:6 Maggie


Innate Abilities, Weirdness & Mutations

Your serpentine skin is tough. (AC +3)
You have supernaturally acute eyesight. (SInv)
Armour fits poorly on your strangely shaped body.
Your system is resistant to poisons. (rPois)
You cover ground very slowly.
You can spit poison.
You have a snake-like lower body.
Your tail ends in a venomous barb.
You are frail. (-10% HP)
Your spells are a little harder to cast, but a little more powerful.


Message History

The sticky flame hits Maggie!
Maggie is moderately wounded.
Maggie burns!
Your adder zombie bites Maggie but does no damage.
Maggie hits your adder zombie with a +0 morningstar.
Maggie burns! x2; Your adder zombie bites Maggie.
Maggie gestures wildly while chanting.
Maggie attempts to bespell you!
You are mesmerised by Maggie!
Your adder zombie bites Maggie.
Maggie burns!
An orc wizard comes into view. It is wielding a +0 dagger.
Maggie hits your adder zombie with a +0 morningstar!
Your adder zombie bites Maggie but does no damage.
Your jelly zombie closely misses Maggie.
Maggie burns!
Maggie stops burning.
Maggie points at your adder zombie and mumbles some strange words.
The bolt of fire hits your adder zombie!!
Your adder zombie is destroyed!
The bolt of fire hits you!!
Your jelly zombie hits Maggie but does no damage.
Maggie hits your jelly zombie with a +0 morningstar.
Your jelly zombie is destroyed!
Your orc wizard zombie misses Maggie.
Maggie shouts!
Maggie casts a spell at you. The bolt of fire hits you!
Your orc wizard zombie hits Maggie but does no damage. x2
Casting: Sticky Flame (dangerous; 5% risk of failure)
Confirm with . or Enter, or press ? or * to list all spells.
Aiming: Sticky Flame (dangerous; 5% risk of failure)
Press: ? - help, Shift-Dir - straight line, f/p - Maggie
Aim: Maggie, wielding a +0 morningstar and wearing +0 swamp dragon scales (almost dead, mesmerising, not watching you, ally target, umbra)
The sticky flame hits Maggie but does no damage.
Maggie is almost dead.
Maggie burns!
Maggie gestures at you while chanting. The bolt of fire hits you!!
You die...
Your body rises from the dead as a mindless zombie.

#. ..........##...#..
##.#######.....#..÷#..
.......# ##....♣##.....
#......# #......ß#'#...
#......###.......#.....
#.............._♣####..
................# ###
.#.o..(.......ß# #
#.Z@........♣## #
#.@Z.........# #
#.......#...## #
#.......##### #
#.......# #########


You could see Maggie (mesmerising, burning, ally target), an orc wizard and 2
friendly orc wizard zombies.

Vanquished Creatures
  Edmund (D:4)
  A water moccasin (D:5)
  2 ogres (D:5)
  A centaur (D:5)
  A bullfrog (D:6)
  2 scorpions (D:4)
  5 wights (D:6)
  Dowan (D:5)
  A bombardier beetle (D:3)
  2 jellies (D:6)
  An orc priest (D:6)
  An iguana (D:5)
  An orc wizard (D:4)
  Robin (D:4)
  2 gnolls
  2 river rats (D:4)
  5 adders
  4 ribbon worms (D:2)
  14 orcs
  9 ball pythons
  9 endoplasms
  10 giant cockroaches
  9 goblins
  7 hobgoblins
  3 jackals (D:3)
  7 kobolds
  2 quokkas
  A bat (D:3)
  9 frilled lizards
  4 rats
118 creatures vanquished.

Vanquished Creatures (collateral kills)
  Pikel (D:5)
  Prince Ribbit (D:5)
  Duvessa (D:5)
  An ogre (D:5)
  An iguana (D:4)
  2 orc wizards (D:6)
  3 gnolls (D:4)
  2 adders
  2 ribbon worms
  3 orcs
  2 endoplasms
  A giant cockroach (D:1)
  4 goblins
  3 hobgoblins (D:4)
  2 quokkas
  A ball python (D:4)
  A bat (D:2)
  A rat (D:2)
32 creatures vanquished.

Vanquished Creatures (others)
  A water moccasin zombie (D:5)
  A centaur zombie (D:5)
  An elf zombie (D:5)
  2 jelly zombies (D:6)
  3 adder zombies
  A gnoll zombie (D:4)
  4 ball python zombies (D:4)
  An endoplasm zombie (D:3)
  3 giant cockroach zombies
  3 goblin zombies (D:4)
  4 hobgoblin zombies (D:4)
  7 orc zombies
31 creatures vanquished.

Grand Total: 181 creatures vanquished

Notes
Turn   | Place    | Note
-------+----------+-------------------------------------------
     0 | D:1      | KennySheep the Naga Alchemist began the quest for the Orb.
     0 | D:1      | Reached XP level 1. HP: 15/15 MP: 3/3
   176 | D:1      | Reached XP level 2. HP: 3/22 MP: 0/5
   399 | D:1      | Reached skill level 1 in Fire Magic
   399 | D:1      | Reached skill level 4 in Alchemy
   491 | D:1      | Found a faded altar of an unknown god.
   508 | D:1      | Prayed at the altar of an unknown god.
   508 | D:1      | Became a worshipper of Yredelemnul the Fallen
   508 | D:1      | Reached * piety under Yredelemnul
   520 | D:1      | Gained mutation: Your tail ends in a venomous barb. [potion
                  | of mutation]
   520 | D:1      | Gained mutation: Your spells are a little harder to cast,
                  | but a little more powerful. [potion of mutation]
   520 | D:1      | Gained mutation: You are frail. (-10% HP) [potion of
                  | mutation]
   673 | D:1      | Reached XP level 3. HP: 17/25 MP: 1/6
  1392 | D:2      | Reached XP level 4. HP: 21/32 MP: 3/7
  1753 | D:2      | Learned a level 4 spell: Olgreb's Toxic Radiance
  1956 | D:2      | Reached ** piety under Yredelemnul
  2374 | D:3      | Reached skill level 5 in Alchemy
  2374 | D:3      | Reached XP level 5. HP: 37/37 MP: 5/9
  2379 | D:3      | Learned a level 4 spell: Sticky Flame
  2474 | D:3      | Found a sacrificial altar of Ru.
  2713 | D:3      | Found a snail-covered altar of Cheibriados.
  2816 | D:3      | Found a stormy altar of Qazlal.
  2818 | D:3      | Noticed a water elemental
  2830 | D:3      | Noticed a fire elemental
  2834 | D:3      | Noticed an air elemental
  2977 | D:3      | Found an ancient bone altar of Kikubaaqudgha.
  2983 | D:3      | Found an opulent altar of Gozag.
  3390 | D:4      | Reached XP level 6. HP: 13/44 MP: 3/10
  3727 | D:4      | Reached skill level 6 in Alchemy
  3762 | D:4      | Noticed Robin
  3773 | D:4      | Killed Robin
  4215 | D:4      | Noticed Edmund
  4224 | D:4      | Your ally Robin died
  4241 | D:4      | Killed Edmund
  4242 | D:4      | Reached XP level 7. HP: 31/49 MP: 0/12
  4398 | D:4      | Reached *** piety under Yredelemnul
  4812 | D:5      | Entered Level 5 of the Dungeon
  4923 | D:5      | Found a glowing golden altar of the Shining One.
  4923 | D:5      | Noticed Pikel
  4934 | D:5      | Killed Pikel
  4935 | D:5      | Reached skill level 5 in Fire Magic
  4935 | D:5      | Reached skill level 7 in Alchemy
  4935 | D:5      | Reached XP level 8. HP: 43/55 MP: 5/14
  5090 | D:5      | Reached skill level 8 in Alchemy
  5392 | D:5      | Noticed Dowan
  5394 | D:5      | Noticed Duvessa
  5397 | D:5      | Killed Dowan
  5401 | D:5      | Your ally Dowan died
  5402 | D:5      | Killed Duvessa
  5528 | D:5      | Noticed Prince Ribbit
  5593 | D:5      | Reached skill level 9 in Alchemy
  5845 | D:5      | Killed Prince Ribbit
  5846 | D:5      | Reached XP level 9. HP: 53/61 MP: 8/16
  5987 | D:5      | Reached skill level 5 in Spellcasting
  6431 | D:6      | Found a glowing silver altar of Zin.
  6540 | D:6      | Found a staircase to the Ecumenical Temple.
  6546 | D:6      | Reached skill level 10 in Alchemy
  6614 | D:6      | Found a blossoming altar of Fedhas.
  6673 | D:6      | Noticed Maggie
  6685 | D:6      | Killed from afar by Maggie

Illustrated notes

Levels and vault maps discovered:
D:1:      amcnicky_arrival_gap_in_the_tavern_cellar, layout_basic,
          dreamdust_ecumenical_altar_grove
D:2:      layout_basic
D:3:      layout_loops_ring, old_standard_altar, jmf_multi_god_temple2,
          slow_altar_2, nicolae_qazlal_style_of_elements
D:4:      layout_loops_cross, portal_sewer_entry_e, minmay_misc_feat_five,
          uniq_edmund, uniq_robin
D:5:      layout_basic, tso_metal_star, uniq_pikel, uniq_prince_ribbit1,
          uniq_duvessa
D:6:      layout_basic, mainiacjoe_overflow_alcove_2, zin_academy,
          minmay_temple_entry_purple_smoke, uniq_maggie

Skill      XL: |  1  2  3  4  5  6  7  8  9 |
---------------+----------------------------+-----
Fire Magic     | 1 2 3 4 5 7 |  7.6
Alchemy        | 4 5 6 7 9 10 | 10.0
Spellcasting   | 3 4 5 |  5.3
Dodging        | |  1.5
Stealth        | |  3.0
Conjurations   | |  1.0

Action                     |  1- 3 |  4- 6 |  7- 9 || total
---------------------------+-------+-------+-------++-------
  Melee: Dagger            |    19 |    41 |    68 ||   128
         Unarmed           |     2 |       |       ||     2
         Punch             |     1 |       |       ||     1
   Cast: Sting             |    51 |   113 |    12 ||   176
         Sticky Flame      |       |     1 |    15 ||    16
         Olgreb's Toxic Ra |       |       |     8 ||     8
 Invoke: Light the Black T |     2 |     2 |     2 ||     6
  Evoke: Wand              |       |     1 |       ||     1
    Use: Potion            |     1 |     2 |       ||     3
         Scroll            |       |     5 |     3 ||     8
   Stab: Sleeping          |       |     6 |     5 ||    11
 Armour: Robe              |    39 |    75 |    60 ||   174
         Skin              |       |     8 |       ||     8
  Dodge: Dodged            |    24 |    54 |    32 ||   110

Table legend: (Time is in decaauts)
 A = Elapsed time spent in this place.
 B = Non-inter-level travel time spent in this place.
 C = Inter-level travel time spent in this place.
 D = Time resting spent in this place.
 E = Time spent auto-exploring this place.
 F = Levels seen in this place.
 G = Mean time per level.
                   A        B        C        D        E       F      G
               +--------+--------+--------+--------+--------+-----+--------+
         Total |   8148 |   7818 |    330 |    476 |   6163 |   6 | 1358.0 |
       Dungeon |   8148 |   7818 |    330 |    476 |   6163 |   6 | 1358.0 |
               +--------+--------+--------+--------+--------+-----+--------+

Top non-repeatable levels by time:
     D:5: 1744 daAuts
     D:4: 1737 daAuts
     D:3: 1439 daAuts
     D:2: 1369 daAuts
     D:1: 1270 daAuts
     D:6: 587 daAuts
